 Dungeon Crawl Stone Soup version 0.20.1-1-g8b1a95d (webtiles) character file.

548 bepotato the Conjurer (level 7, -2/40 HPs)
             Began as a Deep Elf Venom Mage on Sept 14, 2017.
             Killed from afar by Bluetommy2's ghost (29 damage)
             ... with a stone arrow
             ... on level 4 of the Dungeon.
             The game lasted 00:59:43 (5920 turns).

bepotato the Conjurer (Deep Elf Venom Mage)         Turns: 5920, Time: 00:59:43

Health: -2/40      AC:  4    Str:  6    XL:     7   Next: 7%
Magic:  13/13      EV: 13    Int: 21    God:
Gold:   97         SH:  2    Dex: 15    Spells: 6/12 levels left

rFire    . . .     SeeInvis .   x - +2 mace (holy)
rCold    . . .     Gourm    .   (no shield)
rNeg     . . .     Faith    .   t - +2 robe
rPois    .         Spirit   .   (no helmet)
rElec    .         Reflect  +   (no cloak)
rCorr    .         Harm     .   (no gloves)
MR       .....                  (no boots)
Stlth    ++........             a - +2 amulet of reflection
Regen    0.2/turn               (no ring)
MPRegen  0.2/turn               (no ring)

@: no status effects
A: no striking features
a: no special abilities


You were on level 4 of the Dungeon.
You were not hungry.

You visited 1 branch of the dungeon, and saw 4 of its levels.
You also visited: Sewer.

You collected 187 gold pieces.
You spent 90 gold pieces at shops.

Inventory:

Hand Weapons
 f - a +0 spear
 r - a +0 dagger of draining
 u - a +0 hunting sling
 w - a +2 whip of pain
 x - a +2 mace of holy wrath (weapon)
Missiles
 d - 126 stones (quivered)
Armour
 t - a +2 robe (worn)
Jewellery
 a - a +2 amulet of reflection (around neck)
 p - an uncursed ring of loudness
Wands
 k - a wand of disintegration (0/24)
Scrolls
 g - 3 scrolls of teleportation
 h - a scroll of fear {unknown}
 m - 3 scrolls of blinking
 o - 3 scrolls of identify
 s - 2 scrolls of remove curse
Potions
 e - a potion of lignification {unknown}
 i - 2 potions of cancellation {unknown}
 j - 7 potions of flight {unknown}
 l - 3 potions of curing
Books
 b - a Young Poisoner's Handbook

   Spells                             Type                      Level
   a - Sting                          Conjuration/Poison           1
   b - Poisonous Vapours              Poison/Air                   2
   c - Mephitic Cloud                 Conjuration/Poison/Air       3
   d - Olgreb's Toxic Radiance        Poison                       4
   e - Venom Bolt                     Conjuration/Poison           5
Comestibles
 c - 3 bread rations
 n - 2 meat rations
 q - a fruit
 v - 2 chunks of flesh


   Skills:
 - Level 2.0 Fighting
 + Level 2.4 Dodging
 - Level 2.4 Stealth
 - Level 3.0 Spellcasting
 - Level 7.2 Conjurations
 - Level 2.0 Air Magic
 - Level 3.2 Poison Magic


You had 6 spell levels left.
You knew the following spells:

 Your Spells              Type           Power        Failure   Level  Hunger
a - Sting                 Conj/Pois      ####         1%          1    None
b - Poisonous Vapours     Pois/Air       ##....       7%          2    ##.....
c - Mephitic Cloud        Conj/Pois/Air  ###.....     7%          3    ###....


Dungeon Overview and Level Annotations

Branches:
Dungeon (4/15)
 Temple: D:4-7

Altars:

Shops:
D:4 ==

Annotations:
D:3 exclusion: downstairs
D:4 Bluetommy2's ghost, amateur DrEE


Message History

t - Shout!
Orders for allies: a - Attack new target. r - Retreat! s - Stop attacking. g - Guard the area. f - Follow me.
Anything else - Cancel.
You shout for attention!
You see here a war axe.
You see here a stone.
You start waiting.
There is a stone staircase leading up here.
You see here a +0 trident.
Press: ? - help, v - describe, . - travel
Here: Bluetommy2's ghost The floor.
Bluetommy2's ghost casts a spell at you.
The stone arrow hits you!
Bluetommy2's ghost casts a spell at you.
The stone arrow hits you!
Ouch! That really hurt!
You die...

.........# #......#
.........# #(###..####..
......?#######.###W....$..
........W....#.#....#.....
#.....?#####.#)#.#%.......
#.........W#..♣..#..#.....
#|.........#♣.∩W♣#...[.#..
######.....#.#♣..#.....# .
#######.#.#@#..##.#
#.#..##...#... #......[#.
#. ####..........#
####......## #...%..#
#......# ####.##.# ..# #


You could see Bluetommy2's ghost.

Vanquished Creatures
  Eustachio (D:3)
  A hound (D:4)
  An orc priest (D:3)
  2 orc wizards
  Jessica (D:3)
  A worker ant (D:3)
  Robin (D:3)
  3 gnolls
  3 adders
  An ooze (Sewer)
  4 worms (D:3)
  2 dart slugs (D:2)
  6 leopard geckos
  16 orcs
  6 ball pythons
  4 giant cockroaches
  17 goblins
  8 hobgoblins
  11 jackals
  3 quokkas
  13 bats
  8 frilled lizards
  14 kobolds
  A quokka skeleton (D:3)
  12 rats
140 creatures vanquished.

Notes
Turn   | Place    | Note
-------+----------+-------------------------------------------
     0 | D:1      | bepotato the Deep Elf Venom Mage began the quest for the Orb.
     0 | D:1      | Reached XP level 1. HP: 10/10 MP: 6/6
   284 | D:1      | Reached skill level 2 in Conjurations
   368 | D:1      | Reached XP level 2. HP: 6/16 MP: 6/8
   372 | D:1      | Learned a level 2 spell: Poisonous Vapours
   573 | D:1      | Reached skill level 1 in Fighting
   785 | D:1      | Reached skill level 1 in Air Magic
  1024 | D:2      | Reached XP level 3. HP: 9/20 MP: 3/9
  1029 | D:2      | Learned a level 3 spell: Mephitic Cloud
  2099 | D:2      | Reached XP level 4. HP: 25/25 MP: 6/10
  2331 | D:3      | Noticed Jessica
  2335 | D:3      | Killed Jessica
  2335 | D:3      | Reached skill level 3 in Conjurations
  2356 | D:3      | Found a glowing drain.
  2372 | Sewer    | Entered a sewer
  3261 | D:3      | Noticed Robin
  3503 | D:3      | Reached XP level 5. HP: 30/30 MP: 6/11
  4028 | D:4      | Found Reineiby's Jewellery Boutique.
  4053 | D:3      | Reached skill level 4 in Conjurations
  4250 | D:4      | Noticed Eustachio
  4251 | D:4      | Noticed Bluetommy2's ghost (amateur DrEE)
  4436 | D:3      | Killed Robin
  4658 | D:4      | Bought a +2 amulet of reflection for 90 gold pieces
  4744 | D:4      | Reached skill level 5 in Conjurations
  4891 | D:4      | Found Nautoi's Jewellery Shoppe.
  4902 | D:4      | Reached XP level 6. HP: 18/35 MP: 6/12
  5327 | D:4      | Reached skill level 6 in Conjurations
  5790 | D:3      | Killed Eustachio
  5790 | D:3      | Reached skill level 7 in Conjurations
  5790 | D:3      | Reached XP level 7. HP: 31/40 MP: 4/13
  5920 | D:4      | Killed from afar by Bluetommy2's ghost

Skill      XL: |  1  2  3  4  5  6 |
---------------+-------------------+-----
Conjurations   | 2 3 5 7 |  7.2
Fighting       | 1 2 |  2.0
Air Magic      | 1 2 |  2.0
Dodging        | |  2.4
Stealth        | |  2.4
Spellcasting   | |  3.0
Poison Magic   | |  3.2

Action                   |  1- 3 |  4- 6 |  7- 9 || total
-------------------------+-------+-------+-------++-------
Melee: Short sword       |    36 |    28 |       ||    64
       Spear             |       |    61 |       ||    61
       Dagger            |       |    31 |       ||    31
       Whip              |       |    14 |       ||    14
 Fire: Hunting sling     |       |    11 |     4 ||    15
Throw: Stone             |     5 |    18 |       ||    23
 Cast: Sting             |    41 |    48 |     2 ||    91
       Poisonous Vapours |    32 |    76 |     1 ||   109
       Mephitic Cloud    |     1 |    12 |       ||    13
Evoke: Wand              |       |     4 |       ||     4
  Use: Scroll            |       |     6 |       ||     6
 Stab: Sleeping          |     2 |       |       ||     2
       Confused          |       |     2 |       ||     2
  Eat: Chunk             |     5 |    16 |     1 ||    22
Armor: Robe              |     3 |   100 |     2 ||   105
Dodge: Dodged            |    37 |   220 |     2 ||   259
Block: Other             |       |     3 |       ||     3
